 Dungeon Crawl Stone Soup version 0.30.1-9-gdf580d7c3d (webtiles) character file.

Game seed: 11035191357388428151

245 Ivernyr the Trooper (level 6, 0/66 HPs)
             Began as an Ogre Gladiator on Sept 28, 2023.
             Slain by a sky beast (6 damage)
             ... on level 5 of the Dungeon.
             The game lasted 00:05:40 (3868 turns).

Ivernyr the Trooper (Ogre Gladiator)                Turns: 3868, Time: 00:05:41

Health: 0/66       AC:  4    Str: 21    XL:     6   Next: 10%
Magic:  6/6        EV: 10    Int:  9    God:
Gold:   222        SH:  5    Dex: 10    Spells: 5/5 levels left

rFire   . . .        a - +0 flail
rCold   . . .        (no shield)
rNeg    . . .        b - +0 robe
rPois   +            c - +0 hat
rElec   .            x - +0 cloak
rCorr   .            (gloves unavailable)
SInv    .            (boots unavailable)
Will    .....        y - amulet of reflection
Stlth   +            g - ring of poison resistance
HPRegen 0.31/turn    (no ring)
MPRegen 0.10/turn

%: reflection
@: no status effects
A: large, unfitting armour, tough skin 1
a: no special abilities


You were on level 5 of the Dungeon.
You visited 1 branch of the dungeon, and saw 5 of its levels.

You collected 312 gold pieces.
You spent 90 gold pieces at shops.

Inventory:

Hand Weapons
 a - a +0 flail (weapon)
Missiles
 d - 3 throwing nets (quivered)
 e - a large rock
Armour
 b - a +0 robe (worn)
 c - a +0 hat (worn)
 x - a +0 cloak (worn)
Jewellery
 g - a ring of poison resistance (left hand)
 y - an amulet of reflection (around neck)
Wands
 s - a wand of flame (12)
 A - a wand of digging (4)
Scrolls
 f - 3 scrolls of immolation {unknown}
 j - a scroll of butterflies {unknown}
 l - 5 scrolls of identify {unknown}
 m - a scroll of poison {unknown}
 n - a scroll of brand weapon {unknown}
 o - 2 scrolls of teleportation {unknown}
 q - a scroll of acquirement {unknown}
 r - a scroll of torment {unknown}
 t - 3 scrolls of enchant weapon {unknown}
Potions
 h - 2 potions of attraction {unknown}
 i - 2 potions of might {unknown}
 k - a potion of heal wounds {unknown}
 p - a potion of magic {unknown}
 u - a potion of lignification {unknown}
 v - 2 potions of curing
 w - a potion of mutation {unknown}
 z - a potion of ambrosia {unknown}


   Skills:
 + Level 5.2 Fighting
 + Level 4.1 Maces & Flails
 - Level 2.0 Throwing
 + Level 4.1 Dodging


You had 5 spell levels left.
You didn't know any spells.
Your spell library contained the following spells:

 Spells                   Type           Power      Damage    Failure   Level
 Summon Forest            Summ/Tloc      0%         N/A       100%        5
 Summon Mana Viper        Hex/Summ       0%         N/A       100%        5
 Summon Cactus Giant      Summ           0%         N/A       100%        6


Dungeon Overview and Level Annotations

Branches:
Dungeon (5/15)
 Temple: D:4-7

Altars:
Cheibriados
Zin

Shops:
D:2 =

Annotations:
D:4 3 runed translucent doors, Ivernyr's ghost, amateur VSGl; tykejmi's ghost, amateur DrIE


Innate Abilities, Weirdness & Mutations

You are too large for most types of armour.
You have tough skin. (AC +1)


Message History

You climb downwards.
Found a long brass wand and a stone.
Found a stone staircase leading down.
There is a stone staircase leading up here.
A - a wand of digging (4)
You now have 222 gold pieces (gained 21).
A sky beast comes into view.
The sky beast flickers out of sight!
Deactivating autopickup; reactivate with Ctrl-A.
You closely miss something. Something hits you but does no damage.
You barely miss something. Something hits you. Something shocks you.
You barely miss something. Something hits you. Something shocks you.
You miss something. Something hits you but does no damage.
You barely miss something. Something hits you. Something shocks you.
You closely miss something. Something hits you but does no damage.
A sky beast appears from thin air!
Reactivating autopickup.
The sky beast hits you. The sky beast shocks you.
You hit the sky beast.
The sky beast is lightly wounded.
The sky beast hits you. The sky beast shocks you.
You hit the sky beast.
The sky beast is lightly wounded.
The sky beast flickers out of sight!
Deactivating autopickup; reactivate with Ctrl-A.
Something hits you. Something shocks you.
* * * LOW HITPOINT WARNING * * *
You completely miss something. Something hits you.
* * * LOW HITPOINT WARNING * * *
Something shocks you.
* * * LOW HITPOINT WARNING * * *
You barely miss something. Something hits you but does no damage.
You hit something. Something hits you.
* * * LOW HITPOINT WARNING * * *
Something shocks you.
* * * LOW HITPOINT WARNING * * *
Something hits you but does no damage.
You hit something. Something hits you.
* * * LOW HITPOINT WARNING * * *
Something shocks you.
You die...

..# #......# ..# .
#......# #.# ##..
#......# #.# #...
#......# #.##..#
#......# #....#
###......## ###..#
#.........###...@#
#.>...........##{.#
#...<......#####.....
#..........# #..####
#.(.......## ##..
#.........# ...
#.........# ....
#.........# .....
#.........#


There were no monsters in sight!

Vanquished Creatures
  A bullfrog (D:4)
  A jelly (D:3)
  Jessica (D:3)
  5 adders
  An ufetubus (D:4)
  3 worms
  2 dart slugs (D:3)
  3 orcs
  7 ball pythons
  3 bats
  5 endoplasms
  2 giant cockroaches
  3 goblins
  5 hobgoblins
  5 kobolds
  5 quokkas
  2 frilled lizards
  8 rats
62 creatures vanquished.

Notes
Turn   | Place    | Note
-------+----------+-------------------------------------------
     0 | D:1      | Ivernyr the Ogre Gladiator began the quest for the Orb.
     0 | D:1      | Reached XP level 1. HP: 22/22 MP: 1/1
   170 | D:1      | Reached skill level 3 in Fighting
   228 | D:1      | Found a faded altar of an unknown god.
   325 | D:1      | Reached XP level 2. HP: 31/31 MP: 2/2
  1139 | D:2      | Found Qane's Jewellery Shop.
  1219 | D:2      | Reached XP level 3. HP: 25/37 MP: 3/3
  1860 | D:3      | Reached XP level 4. HP: 45/48 MP: 4/4
  1889 | D:3      | Reached skill level 4 in Fighting
  2147 | D:3      | Noticed Jessica
  2152 | D:3      | Killed Jessica
  2296 | D:3      | Found Zin's Purification Station.
  2301 | D:3      | Found a glowing silver altar of Zin.
  2310 | D:3      | Bought a potion of curing for 90 gold pieces
  2321 | D:3      | Reached XP level 5. HP: 52/55 MP: 5/5
  2400 | D:3      | Identified the +1 scale mail of Undesirable Species {rElec
                  | rF- rC- Str+8}
  2595 | D:3      | Found a snail-covered altar of Cheibriados.
  3128 | D:4      | Found a runed translucent gate.
  3129 | D:4      | Found a runed translucent gate.
  3130 | D:4      | Found a runed translucent gate.
  3156 | D:4      | Reached skill level 5 in Fighting
  3156 | D:4      | Reached XP level 6. HP: 53/66 MP: 6/6
  3283 | D:4      | Noticed tykejmi's ghost (amateur DrIE)
  3283 | D:4      | Noticed Ivernyr's ghost (amateur VSGl)
  3841 | D:5      | Entered Level 5 of the Dungeon
  3855 | D:5      | Noticed a sky beast
  3868 | D:5      | Slain by a sky beast

Illustrated notes

Levels and vault maps discovered:
D:1:      kilobyte_arrival_exit_the_forest, layout_basic,
          hellmonk_ecumenical_altar_pennies_from_heaven
D:2:      kennysheep_big_flooded_room, layout_basic, serial_shops,
          nicolae_shop_rolling_square, minmay_pentomino_p2
D:3:      layout_basic, zin_purify, cheibrodos_worm_habitat,
          kennysheep_generic_room_9, uniq_jessica
D:4:      layout_loops_corners, gammafunk_ghost_cemetery
D:5:      layout_rooms, uniq_edmund, uniq_grinder, uniq_crazy_yiuf_cottage

Skill      XL: |  1  2  3  4  5 |
---------------+----------------+-----
Fighting       | 3 4 5 |  5.2
Dodging        | 3 4 |  4.1
Maces & Flails | 3 4 |  4.1
Throwing       | |  2.0

Action                     |  1- 3 |  4- 6 || total
---------------------------+-------+-------++-------
  Melee: Flail             |   116 |   126 ||   242
         Punch             |     1 |     1 ||     2
   Stab: Sleeping          |     1 |     1 ||     2
 Armour: Robe              |    40 |    32 ||    72
  Dodge: Dodged            |    70 |    63 ||   133
  Block: Other             |       |    13 ||    13
